 Dungeon Crawl Stone Soup version 0.27.1-34-g3ba077fa99 (webtiles) character file.

Game seed: 2964794092884257338

144 squill the Firebug (level 5, -3/40 HPs)
             Began as a Hill Orc Fire Elementalist on Jan 5, 2022.
             Slain by Grinder (6 damage)
             ... while paralysed by Grinder
             ... on level 3 of the Dungeon.
             The game lasted 00:20:32 (3332 turns).

squill the Firebug (Hill Orc Fire Elementalist)     Turns: 3332, Time: 00:20:33

Health: -3/40      AC:  2    Str: 11    XL:     5   Next: 26%
Magic:  0/9        EV:  2    Int: 16    God:
Gold:   90         SH:  0    Dex: 11    Spells: 2/9 levels left

rFire    . . .     SeeInvis .   h - +0 hand axe
rCold    . . .     Faith    .   (no shield)
rNeg     . . .     Spirit   .   a - +0 robe
rPois    .         Reflect  .   (no helmet)
rElec    .         Harm     .   (no cloak)
rCorr    .         Rampage  .   (no gloves)
Will     .....                  (no boots)
Stlth    ++........             (no amulet)
HPRegen  0.13/turn              (no ring)
MPRegen  0.11/turn              (no ring)

@: paralysed, attractive, very slightly contaminated
A: no striking features
a: no special abilities


You were on level 3 of the Dungeon.
You visited 1 branch of the dungeon, and saw 3 of its levels.

You collected 90 gold pieces.

Inventory:

Hand Weapons
 d - a +0 spear
 h - a +0 hand axe (weapon)
Missiles
 k - a throwing net
Armour
 a - a +0 robe (worn)
 g - a +0 scale mail
Scrolls
 b - a scroll of magic mapping {unknown}
 c - 4 scrolls of identify {unknown}
 j - a scroll of enchant weapon {unknown}


   Skills:
 + Level 1.4 Fighting
 + Level 0.7 Axes
 * Level 2.0 Armour
 - Level 1.5 Dodging
 - Level 1.5 Stealth
 + Level 2.7 Spellcasting
 + Level 2.0 Conjurations
 - Level 4.0 Fire Magic


You had 2 spell levels left.
You knew the following spells:

 Your Spells              Type           Power      Damage    Failure   Level
a - Foxfire               Conj/Fire      44%        2x1d6     5%          1
b - Conjure Flame         Conj/Fire      11%        6-21      17%         3
c - Inner Flame           Hex/Fire       8%         N/A       26%         3

Your spell library contained the following spells:

 Spells                   Type           Power      Damage    Failure   Level
 Corona                   Hex            2%         N/A       19%         1
 Ensorcelled Hibernation  Hex/Ice        4%         N/A       28%         2
 Tukima's Dance           Hex            2%         N/A       50%         3
 Sticky Flame             Conj/Fire      11%        2d3       50%         4
 Fireball                 Conj/Fire      5%         3d5       83%         5


Dungeon Overview and Level Annotations

Branches:
Dungeon (3/15)

Altars:
Hepliaklqana
Xom

Shops:
D:1 [

Annotations:
D:3 Grinder


Message History

The foxfire hits Grinder but does no damage.
Grinder is almost dead.
The foxfire hits Grinder but does no damage.
Grinder is almost dead.
Grinder hits you.
You writhe in agony.
Grinder completely misses you.
Okay, then.
Okay, then.
You closely miss Grinder.
Grinder is almost dead.
Grinder barely misses you. Grinder gestures at you.
You suddenly lose the ability to move!
Grinder gestures at you. Pain shoots through your body!
* * * LOW HITPOINT WARNING * * *
You can move again.
Grinder hits you.
* * * LOW HITPOINT WARNING * * *
You writhe in agony.
* * * LOW HITPOINT WARNING * * *
There is a shaft here.
It was a potion of attraction.
You feel attractive to monsters. Grinder closely misses you.
You hit Grinder.
Grinder is almost dead.
Grinder blinks!
Grinder is pulled toward you!
Casting: Foxfire (safe; 5% risk of failure)
Confirm with . or Enter, or press ? or * to list all spells.
You miscast Foxfire.
You are very lightly contaminated with residual magic.
Nothing appears to happen.
Grinder hits you but does no damage.
You hit Grinder but do no damage.
Grinder is almost dead.
Grinder barely misses you.
You closely miss Grinder.
Grinder is almost dead.
Grinder gestures at you.
You suddenly lose the ability to move!
Grinder hits you.
You die...

.#...# #..# .....##
###.S#### ..#...##
#.......# .[..#..#
#.......#
.......###ยง......#
[....#.....##.####
..............######
.....#####........[#
.....# ###....@..#
....... #...5...#
......## #........#
......# #.........#
.....## ...#.......#
#.###.......# ..
#########


You could see Grinder.

Vanquished Creatures
  A centaur skeleton (D:2)
  Natasha (D:3)
  3 adders
  2 worms
  4 orcs (D:3)
  8 endoplasms
  2 giant cockroaches (D:1)
  4 goblins
  6 hobgoblins
  4 jackals (D:2)
  2 kobolds
  6 ball pythons
  3 bats
  4 frilled lizards
  2 rats
52 creatures vanquished.

Vanquished Creatures (others)
  142 foxfires
  22 plants (D:2)
164 creatures vanquished.

Grand Total: 216 creatures vanquished

Notes
Turn   | Place    | Note
-------+----------+-------------------------------------------
     0 | D:1      | squill the Hill Orc Fire Elementalist began the quest for
                  | the Orb.
     0 | D:1      | Reached XP level 1. HP: 14/14 MP: 3/3
   216 | D:1      | Reached XP level 2. HP: 20/20 MP: 1/4
  1198 | D:1      | Found Xanul's Armour Boutique.
  1317 | D:2      | Reached XP level 3. HP: 27/27 MP: 3/5
  1322 | D:2      | Learned a level 3 spell: Conjure Flame
  1399 | D:2      | Reached skill level 4 in Fire Magic
  1575 | D:2      | Reached skill level 1 in Armour
  1738 | D:2      | Reached XP level 4. HP: 34/34 MP: 4/7
  1891 | D:2      | Reached skill level 1 in Fighting
  2327 | D:3      | Found a hazy altar of Hepliaklqana.
  2328 | D:3      | Found a shimmering altar of Xom.
  2329 | D:3      | Noticed a spectral ugly thing
  2365 | D:3      | Found a faded altar of an unknown god.
  2415 | D:2      | Learned a level 3 spell: Inner Flame
  2801 | D:3      | Noticed Natasha
  2806 | D:3      | Reached XP level 5. HP: 40/40 MP: 4/8
  3244 | D:3      | Killed Natasha
  3303 | D:3      | Noticed Grinder
  3325 | D:3      | Paralysed by Grinder for 2 turns
  3327 | D:3      | HP: 2/40 [Grinder (3)]
  3332 | D:3      | Paralysed by Grinder for 5 turns
  3332 | D:3      | Slain by Grinder

Illustrated notes

Levels and vault maps discovered:
D:1:      eino_arrival_druids_welcome, layout_basic, serial_shops, shop
D:2:      layout_loops_ring, serial_bayou_lagoon_b
D:3:      layout_rooms, regret_index_temple_of_mockery,
          overflow_temple_1_default, ebering_ecumenical_altar_mist,
          uniq_natasha, uniq_grinder

Skill      XL: |  1  2  3  4  5 |
---------------+----------------+-----
Spellcasting   | 2 |  2.7
Fire Magic     | 4 |  4.0
Armour         | 1 2 |  2.0
Fighting       | 1 |  1.4
Conjurations   | 2 |  2.0
Axes           | |  0.7
Dodging        | |  1.5
Stealth        | |  1.5

Action                   |  1- 3 |  4- 6 || total
-------------------------+-------+-------++-------
Melee: Unarmed           |    12 |       ||    12
       Spear             |    42 |     7 ||    49
       Hand axe          |     9 |    24 ||    33
 Cast: Foxfire           |    42 |    46 ||    88
  Use: Potion            |       |     4 ||     4
       Scroll            |       |     1 ||     1
 Stab: Sleeping          |     2 |       ||     2
Armor: Robe              |    10 |    10 ||    20
Dodge: Dodged            |    36 |    27 ||    63
